 Dungeon Crawl Stone Soup version 0.18-a0-1346-g721e183 (webtiles) character file.

65 shadowshrek the Sneak (level 4, 0/45 HPs)
             Began as an Ogre Assassin on Feb 16, 2016.
             Slain by a worker ant (6 damage)
             ... on level 3 of the Dungeon on Feb 17, 2016.
             The game lasted 00:08:09 (2082 turns).

shadowshrek the Sneak (Ogre Assassin)               Turns: 2082, Time: 00:08:09

Health: 0/45       AC:  5    Str: 13 (16) XL:     4   Next: 13%
Magic:  4/4        EV: 10    Int:  8 (10) God:
Gold:   92         SH:  0    Dex: 11 (14) Spells: 0 memorised, 3 levels left

rFire  + . .     SeeInvis .     p - +0 whip
rCold  . . .     Gourm    .     c - +0 robe
rNeg   . . .     Faith    .     (no shield)
rPois  .         Spirit   .     (helmet restricted)
rElec  .         Dismiss  +     d - +1 cloak
rCorr  .         Reflect  .     (gloves unavailable)
SustAt .         Harm     .     (boots unavailable)
MR     .....                    z - amulet of dismissal
Stlth  ++........               v - ring of protection from fire
                                r - +2 ring of dexterity

@: not resistant to hostile enchantments, unstealthy
A: unfitting armour, tough skin 1
a: no special abilities


You were on level 3 of the Dungeon.
You were not hungry.

You visited 1 branch of the dungeon, and saw 3 of its levels.

You collected 92 gold pieces.

Inventory:

Hand Weapons
 a - a +2 dagger
 b - a +1 blowgun
 k - a +0 club
 p - a +0 whip (weapon)
Missiles
 e - 49 poisoned needles
 f - a curare-tipped needle
 i - 6 tomahawks (quivered)
 s - 7 javelins
Armour
 c - a +0 robe (worn)
 d - a +1 cloak (worn)
Jewellery
 r - a +2 ring of dexterity (left hand)
 v - a ring of protection from fire (right hand)
 z - an amulet of dismissal (around neck)
Wands
 x - a wand of flame (48/48)
Scrolls
 j - 3 scrolls of identify
 n - a scroll of fear
Potions
 m - a potion of curing
Books
 y - a book of Ice

   Spells                             Type                      Level
   a - Ice Form                       Ice/Transmutation            4
   b - Metabolic Englaciation         Hexes/Ice                    5
   c - Ozocubu's Refrigeration        Ice                          6
   d - Bolt of Cold                   Conjuration/Ice              6
   e - Freezing Cloud                 Conjuration/Ice/Air          6
   f - Simulacrum                     Ice/Necromancy               6
Comestibles
 g - 2 bread rations
 h - 3 meat rations


   Skills:
 + Level 3.0 Fighting
 - Level 1.2 Short Blades
 + Level 0.6 Maces & Flails
 + Level 2.3 Throwing
 + Level 2.0 Dodging
 + Level 4.0 Stealth


You had 3 spell levels left.
You didn't know any spells.

Dungeon Overview and Level Annotations

Branches:
Dungeon (3/15)

Altars:
Gozag
Zin


Innate Abilities, Weirdness & Mutations

You are too large for most types of armour.
You have tough skin (AC +1).


Message History

The worker ant bites you.
You barely miss the worker ant.
The worker ant is heavily wounded.
The worker ant barely misses you.
You hit the worker ant.
The worker ant is heavily wounded.
The worker ant bites you.
* * * LOW HITPOINT WARNING * * *
The worker ant bites you.
* * * LOW HITPOINT WARNING * * *
You closely miss the worker ant.
The worker ant is heavily wounded.
The worker ant barely misses you.
You barely miss the worker ant.
The worker ant is heavily wounded.
The worker ant completely misses you.
You hit the worker ant.
The worker ant is severely wounded.
The worker ant misses you. The worker ant bites you.
You die...

##### ######...#
.....<.#.# ###
######...# .<
##.##### .#
#.#...#####.#
#...........##.###
###.#.....@a......
#.###########.##
#.# ###


You could see a worker ant.

Vanquished Creatures
  An adder (D:2)
  An ooze (D:1)
  A worm (D:2)
  2 ball pythons
  2 giant cockroaches (D:1)
  7 goblins
  6 hobgoblins
  6 kobolds
  11 bats
  4 giant newts
  5 rats
46 creatures vanquished.

Notes
Turn   | Place    | Note
--------------------------------------------------------------
     0 | D:1      | shadowshrek the Ogre Assassin began the quest for the Orb.
     0 | D:1      | Reached XP level 1. HP: 22/22 MP: 1/1
    74 | D:1      | Reached XP level 2. HP: 26/29 MP: 2/2
   137 | D:1      | Reached skill level 1 in Dodging
   392 | D:1      | Reached XP level 3. HP: 29/36 MP: 3/3
   478 | D:1      | Reached skill level 4 in Stealth
  1598 | D:2      | Reached XP level 4. HP: 15/45 MP: 4/4
  1850 | D:2      | Found an opulent altar of Gozag.
  1850 | D:2      | Found a glowing silver altar of Zin.
  2082 | D:3      | Slain by a worker ant

Vault maps used:
D:1:      minmay_arrival_doors, hangedman_decor_lopped
D:2:      grunt_temple_overflow_gold_and_silver, serial_park_tiny_2
D:3:      wad_crossroads, bloody_trog, kennysheep_another_room,
          uniq_crazy_yiuf_cottage

Action                   |  1- 3 |  4- 6 || total
-------------------------+-------+-------++-------
Melee: Dagger            |    38 |       ||    38
       Club              |    55 |       ||    55
       Whip              |   115 |    54 ||   169
 Fire: Blowgun           |     1 |       ||     1
Throw: Tomahawk          |     3 |       ||     3
  Use: Potion            |       |     6 ||     6
       Scroll            |       |     5 ||     5
 Stab: Sleeping          |     5 |     1 ||     6
  Eat: Chunk             |     1 |     3 ||     4
